 Dungeon Crawl Stone Soup version 0.27.1-2-g3b301248ec (webtiles) character file.

Game seed: 5883576574386486718

12595 MajorAdolf the Covert (level 11, 0/109 HPs)
             Began as a Naga Wanderer on Sept 25, 2021.
             Was a Follower of Ashenzari.
             Engulfed by an ice statue's freezing vapour (3 damage)
             ... in an ice cave.
             The game lasted 00:31:21 (19013 turns).

MajorAdolf the Covert (Naga Wanderer)              Turns: 19013, Time: 00:31:21

Health: 0/109      AC: 13    Str: 13    XL:     11   Next: 95%
Magic:  11/11      EV:  9    Int: 15    God:    Ashenzari [*.....]
Gold:   932        SH:  9    Dex: 12    Spells: 10/10 levels left

rFire    + . .     SeeInvis +   K - +2 dagger (elec)
rCold    + . .     Faith    .   d - +0 buckler "Circumscribed With Me" {Melee, Bglg} (curse)
rNeg     + . .     Spirit   .   q - +2 robe {Will+}
rPois    +         Reflect  +   (helmet restricted)
rElec    +         Harm     .   B - +2 ratskin cloak {*Rats rPois rN+ Str-1 Int-1 Dex+1}
rCorr    +         Rampage  .   (no gloves)
Will     ++...                  (no barding)
Stlth    ++++++....             I - amulet of reflection
HPRegen  1.28/turn              w - ring of the Profound Sun {AC+4, Cun, Elem} (curse)
MPRegen  0.12/turn              (no ring)

@: resistant, very slow
A: AC +3, large, see invisible, deformed body, poison resistance, slowness 2,
spit poison 1, naga tail 1, antennae 1, clever 1, regeneration 1, weak 1,
MP-powered wands
a: Spit Poison, Renounce Religion, Curse Item, Shatter the Chains


You were in an ice cave.
You worshipped Ashenzari.
Ashenzari was aware of your devotion.
You visited 1 branch of the dungeon, and saw 12 of its levels.
You also visited: Ossuary and Ice Cave.

You collected 1020 gold pieces.
You spent 88 gold pieces at shops.

Inventory:

Hand Weapons
 m - a +2 dagger of venom
 K - a +2 dagger of electrocution (weapon)
Missiles
 n - 19 boomerangs (quivered)
 p - 79 poisoned darts
 L - 5 curare-tipped darts
Armour
 d - the cursed +0 buckler "Circumscribed With Me" (worn) {Melee, Bglg}

   It has a curse which improves the following skills: Melee Combat: Short
   Blades, Long Blades, Axes, Maces & Flails, Polearms, Staves and Unarmed
   Combat.
   Beguiling: Conjurations, Hexes and Translocations.
 q - a +2 robe of willpower (worn)
 B - the +2 ratskin cloak (worn) {*Rats rPois rN+ Str-1 Int-1 Dex+1}
   (You found it on level 6 of the Dungeon)

   When the wearer is hurt, rats may emerge from it to assist them.
   Str:       It affects your strength (-1).
   Int:       It affects your intelligence (-1).
   Dex:       It affects your dexterity (+1).
   rPois:     It protects you from poison.
   rN:        It protects you from negative energy.
Jewellery
 w - the cursed ring of the Profound Sun (left hand) {AC+4, Cun, Elem}
   (You found it on level 5 of the Dungeon)

   [ring of protection]

   AC:        It affects your AC (+4).
   It has a curse which improves the following skills: Cunning: Dodging and
   Stealth.
   Elements:  Fire Magic, Ice Magic, Air Magic and Earth Magic.
 G - a ring of fire
 I - an amulet of reflection (around neck)
Wands
 e - a wand of polymorph (23)
 x - a wand of iceblast (48)
 y - a wand of paralysis (2)
Scrolls
 a - a scroll of fear
 g - 3 scrolls of enchant armour
 h - 2 scrolls of blinking
 i - 19 scrolls of teleportation
 k - 5 scrolls of vulnerability
 r - 5 scrolls of summoning
 u - a scroll of magic mapping
 z - a scroll of amnesia
 F - 7 scrolls of identify
 J - a scroll of holy word
Potions
 c - 2 potions of haste
 f - a potion of lignification
 j - 6 potions of curing
 o - 3 potions of degeneration
 s - 4 potions of berserk rage
 t - a potion of cancellation
 v - 3 potions of invisibility
 A - 2 potions of flight
 C - 2 potions of magic
 D - 5 potions of brilliance
 E - 2 potions of might
Miscellaneous
 l - a condenser vane (inert)


   Skills:
 + Level 10.2 Fighting
 - Level 9.4(10.4) Short Blades
 - Level 2.0(6.6) Long Blades
 - Level 1.0 Crossbows
 - Level 2.4 Armour
 + Level 14.7(15.4) Stealth
 - Level 2.4 Shields
 + Level 7.7 Evocations


You had 10 spell levels left.
You didn't know any spells.
Your spell library contained the following spells:

 Spells                   Type           Power      Damage    Failure   Level
 Corona                   Hex            0%         N/A       26%         1
 Ensorcelled Hibernation  Hex/Ice        0%         N/A       36%         2
 Slow                     Hex            0%         N/A       36%         2
 Corpse Rot               Necr/Air       N/A        N/A       38%         2
 Poisonous Vapours        Pois/Air       0%         N/A       38%         2
 Confusing Touch          Hex            0%         N/A       61%         3
 Dazzling Flash           Conj/Hex       0%         N/A       61%         3
 Tukima's Dance           Hex            0%         N/A       61%         3
 Dispel Undead            Necr           0%         3d6       95%         4
 Iskenderun's Mystic Bla  Conj/Tloc      0%         2d3       95%         4
 Freezing Cloud           Conj/Ice/Air   0%         6-21      100%        5
 Yara's Violent Unravell  Hex/Tmut       0%         3d3       100%        5
 Death Channel            Necr           0%         N/A       100%        6
 Starburst                Conj/Fire      0%         6d3       100%        6


Dungeon Overview and Level Annotations

Branches:
Dungeon (12/15)            Temple (0/1) D:4            Lair (0/6) D:8
    Orc (0/2) D:9         Ossuary (visited)           IceCv (1/1)

Altars:
Ashenzari
Elyvilon
Gozag
Hepliaklqana
Kikubaaqudgha
Makhleb
Nemelex Xobeh
Sif Muna
Trog
Uskayaw
Vehumet
Xom
Zin

Shops:
D:2 [   D:3 [   D:9 (*

Annotations:
D:7 1 runed translucent door
D:8 3 runed translucent doors, MrNoob's ghost, novice MiBe
D:11 3 runed translucent doors, exclusion: ice statue IceCv exclusion: 2 ice statues


Innate Abilities, Weirdness & Mutations

Your serpentine skin is tough. (AC +3)
You have supernaturally acute eyesight. (SInv)
Armour fits poorly on your strangely shaped body.
Your system is resistant to poisons. (rPois)
You cover ground very slowly.
You can spit poison.
You have a snake-like lower body.
You have a pair of small antennae on your head.
Your mind is acute. (Int +2)
Your natural rate of healing is unusually fast.
You are weak. (Str -2)
You expend magic power (3 MP) to strengthen your wands.


Message History

Unknown command.
You barely miss the ice statue.
The ice statue is severely damaged.
You block the ice beast's attack. x2
Unknown command.
You hit the ice statue but do no damage.
The ice statue is severely damaged.
Your hell rat barely misses the ice beast.
The ice statue gestures at you. The bolt of cold hits you. You resist.
* * * LOW HITPOINT WARNING * * *
The bolt of cold hits the ice beast.
The ice beast completely resists.
The ice statue gestures at you.
The freezing blast engulfs the ice beast.
The ice beast completely resists.
The ice beast closely misses you. You block the ice beast's attack.
The ice beast hits you but does no damage.
You block the ice beast's attack.
You hit the ice statue.
The ice statue is severely damaged.
You are engulfed in freezing vapours.
You resist.
* * * LOW HITPOINT WARNING * * *
The ice beast hits you but does no damage. x2
Your hell rat closely misses the ice beast.
Unknown command.
Unknown command.
You hit the ice statue but do no damage.
The ice statue is severely damaged.
You are engulfed in freezing vapours.
You resist.
* * * LOW HITPOINT WARNING * * *
The ice beast hits you.
* * * LOW HITPOINT WARNING * * *
The ice beast freezes you. You resist.
* * * LOW HITPOINT WARNING * * *
The ice beast hits you but does no damage. x2
You block the ice beast's attack.
You hit the ice statue but do no damage.
The ice statue is severely damaged.
You are engulfed in freezing vapours.
You resist.
You die...

### ##..# ##....##
##......## #........##
#### #.....rYY8# ####
##..##
.......Y@####..#####....#
......☼YYY##....##.......
........☼○○..#.......∩.∩.
........☼.☼.###..........
#.........### ##..##....#
#........## ######..##
##.......8 #### #.......#
##.....##


You could see 2 ice statues, 6 ice beasts and a friendly hell rat.

Vanquished Creatures
  2 two-headed ogres (D:10)
  Sonja (D:11)
  Pikel (D:3)
  A rime drake (IceCv)
  3 trolls
  2 shadows
  A water elemental (D:10)
  A wraith (D:11)
  A human (D:8)
  7 yaks
  4 wyverns
  2 steam dragons
  2 wargs (D:8)
  3 vampire mosquitoes (D:10)
  2 water moccasins
  5 orc warriors
  A hornet zombie (D:6)
  A black bear (D:5)
  17 ice beasts
  3 centaurs
  2 phantoms (D:6)
  3 kobold brigands
  Blork the orc (D:4)
  7 scorpions
  A wyvern zombie (D:3)
  A water moccasin skeleton (D:5)
  9 killer bees
  6 electric eels (D:11)
  2 centaur zombies
  2 komodo dragon simulacra (IceCv)
  2 jellies
  8 orc priests
  A hound (D:4)
  Jessica (D:2)
  A centaur skeleton (D:4)
  9 orc wizards
  Natasha (thrice) (D:3 D:5)
  3 iguanas
  A hell rat (D:6)
  A killer bee zombie (D:8)
  2 hound skeletons
  8 mummies (Ossuary)
  A howler monkey zombie (D:10)
  3 gnolls (D:7)
  2 acid dragon simulacra (IceCv)
  7 adders
  20 river rats (D:6)
  2 steam dragon simulacra (IceCv)
  An ufetubus (D:6)
  An adder skeleton (D:4)
  2 dart slugs
  50 orcs
  6 endoplasms
  A giant cockroach (D:2)
  9 hobgoblins
  A jackal (D:4)
  3 quokkas (D:1)
  7 ball pythons
  4 bats
  4 frilled lizards
  6 goblins
  3 hobgoblin zombies (Ossuary)
  24 kobolds
  4 kobold zombies (Ossuary)
  An orc zombie (Ossuary)
  3 rats
299 creatures vanquished.

Vanquished Creatures (collateral kills)
  A manticore (D:11)
  A yak (D:9)
  A water elemental (D:11)
  An ice beast (D:10)
  4 orcs
  A kobold (D:7)
9 creatures vanquished.

Vanquished Creatures (others)
  7 plants (D:4)
7 creatures vanquished.

Grand Total: 315 creatures vanquished

Notes
Turn   | Place    | Note
-------+----------+-------------------------------------------
     0 | D:1      | MajorAdolf the Naga Wanderer began the quest for the Orb.
     0 | D:1      | MajorAdolf set off with the following items: a +2 dagger, a
                  | potion of heal wounds, a +0 ring mail, a +0 buckler
     0 | D:1      | Reached XP level 1. HP: 19/19 MP: 1/1
    80 | D:1      | Reached skill level 2 in Stealth
    80 | D:1      | Reached XP level 2. HP: 17/26 MP: 2/2
   891 | D:1      | Reached skill level 1 in Short Blades
   972 | D:1      | Reached XP level 3. HP: 33/33 MP: 3/3
  1644 | D:2      | Found a faded altar of an unknown god.
  1882 | D:1      | Reached skill level 3 in Stealth
  2136 | D:2      | Found Zios Budorch's Antique Armour Boutique.
  2196 | D:2      | Noticed Jessica
  3161 | D:3      | Reached XP level 4. HP: 32/42 MP: 4/4
  3342 | D:3      | Reached XP level 5. HP: 49/49 MP: 5/5
  3905 | D:3      | Found Xiciv's Antique Armour Shop.
  3921 | D:3      | Bought a glowing robe for 88 gold pieces
  3948 | D:3      | Reached skill level 4 in Stealth
  3958 | D:3      | Found a broken altar of Ashenzari.
  3961 | D:3      | Found a radiant altar of Vehumet.
  3967 | D:3      | Became a worshipper of Ashenzari the Shackled
  4385 | D:3      | Found a bloodstained altar of Trog.
  4388 | D:3      | Found a shimmering altar of Xom.
  4448 | D:4      | Found a hazy altar of Hepliaklqana.
  4525 | D:4      | Reached XP level 6. HP: 51/56 MP: 6/6
  4529 | D:4      | Noticed Natasha
  4546 | D:3      | Killed Natasha
  4680 | D:3      | Found Xiciv's Antique Armour Shop.
  4696 | D:3      | Noticed Natasha
  4701 | D:3      | Killed Natasha
  4702 | D:3      | Reached skill level 5 in Stealth
  4715 | D:3      | Noticed Natasha
  4773 | D:3      | Found a radiant altar of Vehumet.
  4776 | D:3      | Found a broken altar of Ashenzari.
  4954 | D:3      | Found a bloodstained altar of Trog.
  4958 | D:3      | Found a shimmering altar of Xom.
  5186 | D:2      | Killed Jessica
  5434 | D:4      | Noticed Pikel
  5454 | D:3      | Killed Pikel
  5455 | D:3      | Reached skill level 7 in Stealth
  5455 | D:3      | Reached XP level 7. HP: 16/67 MP: 7/7
  5754 | D:4      | Found a staircase to the Ecumenical Temple.
  5846 | D:4      | HP: 3/67 [acid (9)]
  5849 | D:4      | Reached skill level 5 in Fighting
  5851 | D:4      | Noticed Blork the orc
  6050 | D:4      | Killed Blork the orc
  6051 | D:4      | Reached XP level 8. HP: 46/76 MP: 8/8
  6470 | D:5      | Entered Level 5 of the Dungeon
  6499 | D:5      | Killed Natasha
  6777 | D:5      | Reached * piety under Ashenzari
  6962 | D:5      | Reached skill level 8 in Stealth
  7108 | D:5      | Reached skill level 5 in Short Blades
  7381 | D:5      | Found a burning altar of Makhleb.
  7381 | D:5      | Noticed a balrug
  7384 | D:5      | Noticed a smoke demon
  7504 | D:5      | Reached skill level 9 in Stealth
  7651 | D:5      | Noticed a shadow
  7658 | D:5      | Killed a shadow
  7659 | D:5      | Reached XP level 9. HP: 86/86 MP: 9/9
  7670 | D:5      | Reached ** piety under Ashenzari
  7690 | D:5      | Found an ancient bone altar of Kikubaaqudgha.
  7946 | D:6      | Reached skill level 10 in Stealth
  8175 | D:6      | Reached skill level 1 in Evocations
  8611 | D:6      | Found a shimmering blue altar of Sif Muna.
  8753 | D:6      | Found the +2 ratskin cloak {*Rats rPois rN+ Str-1 Int-1
                  | Dex+1}
  9234 | D:7      | Found a sand-covered staircase.
  9243 | Ossuary  | Entered an ossuary
 10030 | D:7      | Gained mutation: You have a pair of small antennae on your
                  | head. [potion of mutation]
 10030 | D:7      | Gained mutation: Potions are less effective at restoring
                  | your health. [potion of mutation]
 10030 | D:7      | Gained mutation: You are weak. (Str -2) [potion of
                  | mutation]
 10030 | D:7      | Gained mutation: Your natural rate of healing is unusually
                  | fast. [potion of mutation]
 10031 | D:7      | Lost mutation: You have a pair of small antennae on your
                  | head. [potion of mutation]
 10031 | D:7      | Lost mutation: Potions are less effective at restoring your
                  | health. [potion of mutation]
 10031 | D:7      | Gained mutation: Your magical capacity is low. (-10% MP)
                  | [potion of mutation]
 10031 | D:7      | Gained mutation: You are dopey. (Int -2) [potion of
                  | mutation]
 10031 | D:7      | Lost mutation: You are weak. (Str -2) [potion of mutation]
 10032 | D:7      | Lost mutation: Your magical capacity is low. (-10% MP)
                  | [potion of mutation]
 10032 | D:7      | Lost mutation: You are dopey. (Int -2) [potion of mutation]
 10032 | D:7      | Gained mutation: Your mind is acute. (Int +2) [potion of
                  | mutation]
 10032 | D:7      | Gained mutation: You are weak. (Str -2) [potion of
                  | mutation]
 10032 | D:7      | Gained mutation: You have a pair of small antennae on your
                  | head. [potion of mutation]
 10032 | D:7      | Gained mutation: You expend magic power (3 MP) to
                  | strengthen your wands. [potion of mutation]
 10280 | D:7      | Reached skill level 11 in Stealth
 10547 | D:7      | Found a runed translucent door.
 10851 | D:8      | Found an opulent altar of Gozag.
 10874 | D:8      | Found a staircase to the Lair.
 10939 | D:8      | Found a sparkling altar of Nemelex Xobeh.
 10963 | D:8      | Reached XP level 10. HP: 91/96 MP: 10/10
 10995 | D:8      | Found a runed translucent gate.
 10996 | D:8      | Found a runed translucent gate.
 11084 | D:8      | Found a runed translucent gate.
 11086 | D:8      | Found an opulent altar of Gozag.
 11086 | D:8      | Noticed a boulder beetle
 11090 | D:8      | Noticed MrNoob's ghost (novice MiBe)
 11376 | D:9      | Reached skill level 12 in Stealth
 11467 | D:9      | Found a staircase to the Orcish Mines.
 11764 | D:9      | Found a hide-covered altar of Uskayaw.
 11790 | D:9      | Reached skill level 5 in Evocations
 12007 | D:9      | Found Zin's Purification Station.
 12010 | D:9      | Found a glowing silver altar of Zin.
 12241 | D:9      | Found Geuf's Antique Weapon Boutique.
 12727 | D:10     | Entered Level 10 of the Dungeon
 12756 | D:10     | Noticed a two-headed ogre
 12763 | D:10     | Killed a two-headed ogre
 12764 | D:10     | Reached skill level 13 in Stealth
 12764 | D:10     | Reached XP level 11. HP: 106/106 MP: 0/11
 12870 | D:10     | Noticed a two-headed ogre
 12886 | D:10     | Killed a two-headed ogre
 12949 | D:10     | Found a white marble altar of Elyvilon.
 14126 | D:11     | Noticed a manticore
 14718 | D:11     | Killed a manticore
 15521 | D:11     | Reached skill level 14 in Stealth
 16102 | D:11     | Noticed Sonja
 16113 | D:11     | Killed Sonja
 16186 | D:11     | Reached skill level 10 in Fighting
 16777 | D:11     | Found a runed translucent gate.
 16777 | D:11     | Found a runed translucent gate.
 16777 | D:11     | Found a runed translucent gate.
 16777 | D:11     | Noticed a brown ugly thing
 16777 | D:11     | Noticed a green ugly thing
 16778 | D:11     | Noticed a brown ugly thing
 16778 | D:11     | Noticed a purple ugly thing
 16779 | D:11     | Noticed a brown ugly thing
 17170 | D:11     | Noticed a glowing orange brain
 17418 | D:12     | Found a frozen archway.
 17427 | IceCv    | Entered an ice cave
 19004 | IceCv    | HP: 2/109 [ice statue] (6)]
 19012 | IceCv    | HP: 5/109 [ice statue] (2)]
 19013 | IceCv    | Engulfed by an ice statue's freezing vapour

Illustrated notes

Levels and vault maps discovered:
D:1:      amcnicky_arrival_blooded_trapdoor, layout_basic,
          kennysheep_nondescript
D:2:      layout_rooms, serial_curves, eino_curves_03, eino_curves_04,
          serial_shops, nicolae_shop_behind_doors,
          chequers_ecumenical_altar_island, chequers_garden, uniq_jessica
D:3:      layout_rooms, minitemple, serial_shops, shop
D:4:      layout_rooms, nicolae_hepliaklqana_hazy_memory,
          minmay_temple_entry_wispy, minmay_puff, uniq_blork_the_orc,
          uniq_pikel, uniq_natasha
D:5:      layout_basic, lemuel_crystal_altar, makhleb_altar_promises_db,
          due_unseen_surprise
D:6:      wander_guarded_unrand_ratskin, layout_basic,
          lemuel_coloured_pillars_altar, serial_bayou_pond_d,
          hangedman_abyss_or_decor_slice
D:7:      layout_rooms, chequers_ossuary_entry_cave, lightli_church_of_beogh
D:8:      layout_cave_pools, nemelex_xobeh_ov_fountains_minmay,
          grunt_gozag_statues, ebering_ghost_gozag
D:9:      layout_irregular_city, zin_purify, general_overflow_altar, erik_orc_4,
          serial_shops, shop, minmay_misc_feat_encased, nicolae_zen_rock_garden
D:10:     layout_stronghold, nicolae_elyvilon_peaceful_grove
D:11:     minmay_twisted_water, layout_basic,
          ploomutoo_gammafunk_ghost_potion_laboratory, uniq_sonja
D:12:     layout_cave_pods, portal_ice_cave_entry_pillars_2,
          nicolae_qazlal_style_of_elements, uniq_snorg
IceCv:    ice_cave_small_dragons

Skill      XL: |  1  2  3  4  5  6  7  8  9 10 11 |
---------------+----------------------------------+-----
Stealth        | 2 3 4 7 9 11 13 14 | 14.7
Short Blades   | 1 2 4 6 7 8 9 |  9.4
Fighting       | 3 4 5 6 7 9 10 | 10.2
Shields        | 2 |  2.4
Evocations     | 3 5 7 |  7.7
Long Blades    | |  2.0
Crossbows      | |  1.0
Armour         | |  2.4

Action                   |  1- 3 |  4- 6 |  7- 9 | 10-12 || total
-------------------------+-------+-------+-------+-------++-------
Melee: Dagger            |    74 |    93 |   496 |   824 ||  1487
Throw: Boomerang         |       |       |       |     2 ||     2
Invok: Curse Item        |       |     1 |     2 |       ||     3
 Abil: Spit Poison       |    36 |    22 |    11 |    36 ||   105
Evoke: Wand              |       |       |       |     5 ||     5
       Condenser vane    |       |       |       |     1 ||     1
  Use: Potion            |       |       |     6 |     5 ||    11
 Stab: Sleeping          |     1 |     2 |    18 |     7 ||    28
       Distracted        |       |       |     2 |     3 ||     5
       Paralysed         |       |       |       |     2 ||     2
Armor: Ring mail         |    12 |       |       |       ||    12
       Skin              |     8 |       |       |       ||     8
       Robe              |       |    29 |   119 |   260 ||   408
       Leather armour    |       |     3 |       |       ||     3
Dodge: Dodged            |    43 |    30 |   146 |   215 ||   434
Block: Buckler           |    10 |    18 |    59 |   161 ||   248
       Reflection        |       |       |       |     3 ||     3
